cohdb
Replays
Latest Replays
All Replays
Popular Replays
Top Player Replays
Match Explorer
How It Works
Community
CoH3 Stats
Reddit
Sign in to upload your games and track your stats! →
Sign in with Steam
Match 41397732
Unlisted
Match 41397732
Overview
Messages
Build Orders
End
Construct Infanterie Kompanie
Pioneer Squad
MG 42 Machine Gun Team
Selects Terror Battlegroup
Selects Machine Gun Camouflage
Grenadier Squad
Grenadier Squad
Construct Luftwaffe Kompanie
Selects Interrogate
Medical Bunker
Jäger Squad
Jäger Squad
Support Elements
Flak 30 Anti-aircraft Gun Team
Wirbelwind Flakpanzer
Wirbelwind Flakpanzer
Marder III M Tank Destroyer
Jäger Squad
Selects Defend the Fatherland
Marder III M Tank Destroyer
MG 42 Machine Gun Team
Selects King Tiger Heavy Tank
Jäger Squad
MG 42 Machine Gun Team
King Tiger Heavy Tank
Jäger Squad
jin1108sm
itinosuke
Androphyte
Porygon
0
0
Comments
sign in to comment!
No comments posted yet!